[ PARTIDA AOE2 · #475117162 ]
UnrankedChinos vs Burmese
Equipo del jugador · DERR
[ ANÁLISIS DE REPETICIÓN · EXTRAÍDO DE LA PARTIDA GRABADA ]
Feudal
—
Castillos
—
Imperial
—
| APM promedio | 7.4 |
| APM pico | 27 |
| eAPM promedio | 4.6 |
| Aldeanos / militares | 0 / 0 |
Foco
⚔️ 100.0% · 🌾 0.0%
Feudal
—
Castillos
—
Imperial
—
| APM promedio | 6.6 |
| APM pico | 16 |
| eAPM promedio | 4.6 |
| Aldeanos / militares | 0 / 0 |
Feudal
—
Castillos
—
Imperial
—
| APM promedio | 31.7 |
| APM pico | 83 |
| eAPM promedio | 18.4 |
| Aldeanos / militares | 0 / 0 |
Foco
⚔️ 76.0% · 🌾 24.0%
Feudal
—
Castillos
—
Imperial
—
| APM promedio | 11.7 |
| APM pico | 26 |
| eAPM promedio | 6.0 |
| Aldeanos / militares | 0 / 0 |
Foco
⚔️ 92.0% · 🌾 8.0%
Feudal
—
Castillos
—
Imperial
—
| APM promedio | 19.7 |
| APM pico | 96 |
| eAPM promedio | 18.3 |
| Aldeanos / militares | 0 / 176 |
Foco
⚔️ 91.7% · 🌾 8.3%
Knight ×142 · Cavalry Archer ×34
Feudal
—
Castillos
—
Imperial
—
| APM promedio | 20.2 |
| APM pico | 34 |
| eAPM promedio | 13.5 |
| Aldeanos / militares | 0 / 258 |
Foco
⚔️ 90.0% · 🌾 10.0%
Archer ×143 · Eagle Scout ×115
Feudal
—
Castillos
—
Imperial
—
| APM promedio | 26.6 |
| APM pico | 46 |
| eAPM promedio | 21.7 |
| Aldeanos / militares | 0 / 465 |
Foco
⚔️ 100.0% · 🌾 0.0%
Militia ×465
Feudal
—
Castillos
—
Imperial
—
| APM promedio | 27.4 |
| APM pico | 54 |
| eAPM promedio | 22.2 |
| Aldeanos / militares | 0 / 0 |
Foco
⚔️ 99.7% · 🌾 0.3%
Mapa de la partida
Recursos iniciales + cada clic de construcción. Líneas = muros · curvas = relieve. ◆ oro · ⬟ piedra · ● bayas · ✦ reliquia · ◌ hueco del cierre
Inputs por minuto
— Nando Pessoa - - RC3D
Build order — Nando Pessoa
0 acciones detectadas en el replay
Build order — RC3D
0 acciones detectadas en el replay
Build order — jfxm1992
22 acciones detectadas en el replay
| 9:10 | Investigar | Iron Casting |
| 9:10 | Investigar | Iron Casting |
| 9:12 | Investigar | Chain Barding Armor |
| 9:13 | Investigar | Bodkin Arrow |
| 9:13 | Investigar | Leather Archer Armor |
| 9:17 | Investigar | Ballistics |
| 9:18 | Investigar | Treadmill Crane |
| 9:19 | Investigar | Tech 908 |
| 9:20 | Investigar | Careening |
| 9:21 | Investigar | Guard Tower (upgrade) |
| 15:08 | Investigar | Spies/Treason |
| 15:12 | Investigar | Chemistry |
| 15:14 | Investigar | Siege Engineers |
| 15:15 | Investigar | Dry Dock |
| 15:16 | Investigar | Tech 907 |
| 15:19 | Investigar | Bracer |
| 15:20 | Investigar | Ring Archer Armor |
| 15:21 | Investigar | Plate Barding Armor |
| 16:41 | Investigar | Elite Keshik (upgrade) |
| 16:42 | Investigar | Silk Armor |
| 16:42 | Investigar | Timurid Siegecraft |
| 16:44 | Investigar | Sappers |
Build order — TheBigStiggg
15 acciones detectadas en el replay
| 3:43 | Construir | Stable |
| 3:45 | Construir | Stable |
| 3:47 | Construir | Stable |
| 3:48 | Construir | Stable |
| 3:52 | Construir | Stable |
| 4:30 | Construir | Building 487 |
| 5:23 | Construir | Stone Wall |
| 7:21 | Investigar | Bloodlines |
| 8:16 | Construir | Stable |
| 8:17 | Construir | Stable |
| 8:19 | Construir | Stable |
| 8:21 | Construir | Stable |
| 8:23 | Construir | Stable |
| 8:50 | Construir | Stable |
| 8:52 | Construir | Stable |
Build order — ZaRaKi
Primeras 150 de 252 acciones detectadas
| 4:18 | Investigar | Bodkin Arrow |
| 4:19 | Investigar | Leather Archer Armor |
| 4:23 | Investigar | Treadmill Crane |
| 4:26 | Investigar | Ballistics |
| 4:28 | Investigar | Guard Tower (upgrade) |
| 4:28 | Investigar | Tech 909 |
| 4:29 | Investigar | Tech 908 |
| 4:30 | Investigar | Careening |
| 6:15 | Construir | Stable |
| 6:17 | Construir | Stable |
| 6:18 | Construir | Stable |
| 6:25 | Construir | Stable |
| 6:30 | Construir | Stable |
| 6:32 | Construir | Stable |
| 6:35 | Construir | Stable |
| 6:36 | Construir | Stable |
| 6:41 | Construir | Stable |
| 6:45 | Construir | Stable |
| 7:17 | Investigar | Husbandry |
| 7:18 | Investigar | Light Cavalry (upgrade) |
| 10:38 | Construir | Stable |
| 10:40 | Construir | Stable |
| 10:42 | Construir | Stable |
| 10:44 | Construir | Stable |
| 10:48 | Construir | Stable |
| 10:51 | Construir | Stable |
| 11:54 | Construir | Archery Range |
| 11:55 | Construir | Archery Range |
| 11:57 | Construir | Archery Range |
| 11:58 | Construir | Archery Range |
| 12:00 | Construir | Archery Range |
| 12:05 | Construir | Archery Range |
| 14:28 | Construir | Siege Workshop |
| 14:36 | Construir | Siege Workshop |
| 14:39 | Construir | Siege Workshop |
| 14:41 | Construir | Siege Workshop |
| 14:43 | Construir | Siege Workshop |
| 14:53 | Construir | Watch Tower |
| 14:54 | Construir | Watch Tower |
| 14:54 | Construir | Watch Tower |
| 14:54 | Construir | Watch Tower |
| 14:55 | Construir | Watch Tower |
| 14:55 | Construir | Watch Tower |
| 14:56 | Construir | Watch Tower |
| 14:56 | Construir | Watch Tower |
| 14:56 | Construir | Watch Tower |
| 14:57 | Construir | Watch Tower |
| 14:57 | Construir | Watch Tower |
| 14:58 | Construir | Watch Tower |
| 14:59 | Construir | Watch Tower |
| 14:59 | Construir | Watch Tower |
| 15:00 | Construir | Watch Tower |
| 15:00 | Construir | Watch Tower |
| 15:00 | Construir | Watch Tower |
| 15:01 | Construir | Watch Tower |
| 15:01 | Construir | Watch Tower |
| 15:01 | Construir | Watch Tower |
| 15:02 | Construir | Watch Tower |
| 15:02 | Construir | Watch Tower |
| 15:02 | Construir | Watch Tower |
| 15:40 | Crear | Knight |
| 15:40 | Crear | Knight |
| 15:41 | Crear | Knight |
| 15:41 | Crear | Knight |
| 15:41 | Crear | Knight |
| 15:41 | Crear | Knight |
| 15:42 | Crear | Knight |
| 15:42 | Crear | Knight |
| 15:42 | Crear | Knight |
| 15:43 | Crear | Knight |
| 15:43 | Crear | Knight |
| 15:43 | Crear | Knight |
| 15:44 | Crear | Knight |
| 15:44 | Crear | Knight |
| 15:45 | Crear | Knight |
| 15:45 | Crear | Knight |
| 15:46 | Crear | Knight |
| 15:49 | Crear | Knight |
| 15:49 | Crear | Knight |
| 15:49 | Crear | Knight |
| 15:49 | Crear | Knight |
| 15:49 | Crear | Knight |
| 15:49 | Crear | Knight |
| 15:49 | Crear | Knight |
| 15:49 | Crear | Knight |
| 15:49 | Crear | Knight |
| 15:50 | Crear | Knight |
| 15:50 | Crear | Knight |
| 15:50 | Crear | Knight |
| 15:50 | Crear | Knight |
| 15:51 | Crear | Knight |
| 15:51 | Crear | Knight |
| 15:51 | Crear | Knight |
| 15:52 | Crear | Knight |
| 15:52 | Crear | Knight |
| 15:52 | Crear | Knight |
| 15:53 | Crear | Knight |
| 15:53 | Crear | Knight |
| 15:53 | Crear | Knight |
| 15:54 | Crear | Knight |
| 15:54 | Crear | Knight |
| 15:54 | Crear | Knight |
| 15:55 | Crear | Knight |
| 15:55 | Crear | Knight |
| 15:55 | Crear | Knight |
| 15:56 | Crear | Knight |
| 15:56 | Crear | Knight |
| 15:56 | Crear | Knight |
| 15:57 | Crear | Knight |
| 15:57 | Crear | Knight |
| 15:57 | Crear | Knight |
| 15:58 | Crear | Knight |
| 15:58 | Crear | Knight |
| 15:58 | Crear | Knight |
| 15:59 | Crear | Knight |
| 15:59 | Crear | Knight |
| 15:59 | Crear | Knight |
| 16:00 | Crear | Knight |
| 16:00 | Crear | Knight |
| 16:00 | Crear | Knight |
| 16:01 | Crear | Knight |
| 16:01 | Crear | Knight |
| 16:01 | Crear | Knight |
| 16:02 | Crear | Knight |
| 16:02 | Crear | Knight |
| 16:02 | Crear | Knight |
| 16:03 | Crear | Knight |
| 16:03 | Crear | Knight |
| 16:03 | Crear | Knight |
| 16:04 | Crear | Knight |
| 16:04 | Crear | Knight |
| 16:04 | Crear | Knight |
| 16:04 | Crear | Knight |
| 16:05 | Crear | Knight |
| 16:05 | Crear | Knight |
| 16:05 | Crear | Knight |
| 16:09 | Crear | Knight |
| 16:09 | Crear | Knight |
| 16:09 | Crear | Knight |
| 16:09 | Crear | Knight |
| 16:09 | Crear | Knight |
| 16:09 | Crear | Knight |
| 16:11 | Crear | Knight |
| 16:11 | Crear | Knight |
| 16:11 | Crear | Knight |
| 16:11 | Crear | Knight |
| 16:11 | Crear | Knight |
| 16:11 | Crear | Knight |
| 16:11 | Crear | Knight |
| 16:11 | Crear | Knight |
Build order — l3us Driver
72 acciones detectadas en el replay
| 4:27 | Construir | Barracks |
| 4:29 | Construir | Archery Range |
| 5:55 | Construir | Stone Wall |
| 7:45 | Construir | Archery Range |
| 7:46 | Construir | Archery Range |
| 7:49 | Construir | Archery Range |
| 7:55 | Construir | Barracks |
| 7:56 | Construir | Barracks |
| 7:59 | Construir | Barracks |
| 12:05 | Construir | Archery Range |
| 12:08 | Construir | Archery Range |
| 12:11 | Construir | Barracks |
| 12:28 | Crear | Archer ×5 |
| 12:28 | Crear | Archer ×5 |
| 12:28 | Crear | Archer ×5 |
| 12:29 | Crear | Archer ×5 |
| 12:29 | Crear | Archer ×5 |
| 12:29 | Crear | Archer ×5 |
| 12:29 | Crear | Archer ×5 |
| 12:30 | Crear | Archer ×5 |
| 12:30 | Crear | Archer ×5 |
| 12:30 | Crear | Archer ×5 |
| 12:31 | Crear | Archer ×5 |
| 12:31 | Crear | Archer ×5 |
| 12:56 | Crear | Eagle Scout ×5 |
| 12:56 | Crear | Eagle Scout ×5 |
| 12:57 | Crear | Eagle Scout ×5 |
| 12:57 | Crear | Eagle Scout ×5 |
| 12:57 | Crear | Eagle Scout ×5 |
| 12:58 | Crear | Eagle Scout ×5 |
| 12:58 | Crear | Eagle Scout ×5 |
| 12:58 | Crear | Eagle Scout ×5 |
| 12:58 | Crear | Eagle Scout ×5 |
| 12:59 | Crear | Eagle Scout ×5 |
| 12:59 | Crear | Eagle Scout ×5 |
| 13:05 | Crear | Eagle Scout ×5 |
| 13:05 | Crear | Eagle Scout ×5 |
| 13:05 | Crear | Eagle Scout ×5 |
| 13:35 | Crear | Archer ×4 |
| 13:36 | Crear | Archer ×5 |
| 13:36 | Crear | Archer ×5 |
| 13:37 | Crear | Archer ×5 |
| 13:38 | Crear | Archer ×4 |
| 13:44 | Crear | Eagle Scout ×5 |
| 13:44 | Crear | Eagle Scout ×5 |
| 14:25 | Crear | Archer ×5 |
| 14:25 | Crear | Archer ×5 |
| 14:26 | Crear | Archer ×5 |
| 14:26 | Crear | Archer ×5 |
| 14:57 | Crear | Eagle Scout ×5 |
| 15:01 | Crear | Archer ×5 |
| 15:02 | Crear | Archer |
| 15:10 | Construir | Archery Range |
| 15:12 | Construir | Barracks |
| 15:14 | Construir | Barracks |
| 15:52 | Crear | Eagle Scout ×5 |
| 15:52 | Crear | Eagle Scout ×5 |
| 15:59 | Crear | Archer ×5 |
| 16:00 | Crear | Archer ×5 |
| 16:00 | Crear | Archer ×5 |
| 16:00 | Crear | Archer ×5 |
| 16:01 | Crear | Archer ×5 |
| 16:01 | Crear | Archer |
| 16:50 | Crear | Archer ×5 |
| 16:50 | Crear | Archer ×3 |
| 16:59 | Crear | Eagle Scout ×5 |
| 16:59 | Crear | Eagle Scout ×5 |
| 17:00 | Crear | Eagle Scout ×5 |
| 17:00 | Crear | Eagle Scout ×5 |
| 17:37 | Construir | Barracks |
| 17:39 | Construir | Barracks |
| 17:44 | Construir | Archery Range |
Build order — Maxee
129 acciones detectadas en el replay
| 6:31 | Construir | Barracks |
| 6:32 | Construir | Barracks |
| 6:33 | Construir | Barracks |
| 6:35 | Construir | Barracks |
| 6:39 | Construir | Barracks |
| 6:40 | Construir | Barracks |
| 6:42 | Construir | Barracks |
| 7:33 | Construir | Barracks |
| 7:39 | Construir | Barracks |
| 7:41 | Construir | Barracks |
| 7:43 | Construir | Barracks |
| 7:44 | Construir | Barracks |
| 7:46 | Construir | Barracks |
| 7:47 | Construir | Barracks |
| 7:49 | Construir | Barracks |
| 7:51 | Construir | Barracks |
| 7:55 | Construir | Barracks |
| 9:19 | Investigar | Chain Mail Armor |
| 9:19 | Investigar | Iron Casting |
| 9:20 | Investigar | Bodkin Arrow |
| 9:21 | Investigar | Leather Archer Armor |
| 9:21 | Investigar | Chain Barding Armor |
| 9:21 | Investigar | Chain Barding Armor |
| 9:24 | Investigar | Long Swordsman (upgrade) |
| 9:25 | Investigar | Long Swordsman (upgrade) |
| 9:25 | Investigar | Pikeman (upgrade) |
| 9:25 | Investigar | Pikeman (upgrade) |
| 9:31 | Investigar | Ballistics |
| 9:33 | Investigar | Tech 909 |
| 9:33 | Investigar | Tech 909 |
| 9:33 | Investigar | Careening |
| 9:34 | Investigar | Careening |
| 9:34 | Investigar | Tech 908 |
| 9:34 | Investigar | Tech 908 |
| 9:34 | Investigar | Tech 908 |
| 10:45 | Crear | Militia ×5 |
| 10:46 | Crear | Militia ×5 |
| 10:46 | Crear | Militia ×5 |
| 10:46 | Crear | Militia ×5 |
| 10:47 | Crear | Militia ×5 |
| 10:48 | Crear | Militia ×5 |
| 10:48 | Crear | Militia ×5 |
| 10:49 | Crear | Militia ×5 |
| 10:49 | Crear | Militia ×5 |
| 10:50 | Crear | Militia ×5 |
| 10:50 | Crear | Militia ×5 |
| 10:50 | Crear | Militia ×5 |
| 10:51 | Crear | Militia ×5 |
| 10:51 | Crear | Militia ×5 |
| 10:51 | Crear | Militia ×5 |
| 10:52 | Crear | Militia ×5 |
| 10:52 | Crear | Militia ×5 |
| 11:08 | Crear | Militia ×5 |
| 11:08 | Crear | Militia ×5 |
| 11:08 | Crear | Militia ×5 |
| 11:09 | Crear | Militia ×5 |
| 11:09 | Crear | Militia ×5 |
| 11:09 | Crear | Militia ×5 |
| 11:09 | Crear | Militia ×5 |
| 11:10 | Crear | Militia ×5 |
| 11:11 | Crear | Militia ×5 |
| 11:12 | Crear | Militia ×5 |
| 11:12 | Crear | Militia ×5 |
| 11:13 | Crear | Militia ×5 |
| 11:13 | Crear | Militia ×4 |
| 11:52 | Crear | Militia ×5 |
| 11:52 | Crear | Militia ×5 |
| 11:53 | Crear | Militia ×5 |
| 11:54 | Crear | Militia ×5 |
| 11:54 | Crear | Militia ×5 |
| 11:54 | Crear | Militia ×5 |
| 11:55 | Crear | Militia ×5 |
| 11:55 | Crear | Militia ×5 |
| 11:55 | Crear | Militia ×5 |
| 11:56 | Crear | Militia ×5 |
| 11:56 | Crear | Militia ×5 |
| 11:56 | Crear | Militia ×3 |
| 11:57 | Crear | Militia ×3 |
| 13:08 | Crear | Militia ×5 |
| 13:08 | Crear | Militia ×5 |
| 13:09 | Crear | Militia ×5 |
| 13:09 | Crear | Militia ×5 |
| 13:09 | Crear | Militia ×5 |
| 13:10 | Crear | Militia ×5 |
| 13:10 | Crear | Militia ×5 |
| 13:10 | Crear | Militia ×5 |
| 13:11 | Crear | Militia ×5 |
| 13:11 | Crear | Militia ×5 |
| 13:11 | Crear | Militia ×5 |
| 14:10 | Crear | Militia ×5 |
| 14:10 | Crear | Militia ×5 |
| 14:11 | Crear | Militia ×5 |
| 14:11 | Crear | Militia ×5 |
| 14:11 | Crear | Militia ×5 |
| 14:12 | Crear | Militia ×5 |
| 14:12 | Crear | Militia ×5 |
| 14:12 | Crear | Militia ×5 |
| 14:13 | Crear | Militia ×5 |
| 14:13 | Crear | Militia ×5 |
| 14:13 | Crear | Militia ×5 |
| 14:13 | Crear | Militia ×5 |
| 14:14 | Crear | Militia ×5 |
| 14:14 | Crear | Militia ×5 |
| 14:15 | Crear | Militia ×5 |
| 14:15 | Crear | Militia ×5 |
| 14:15 | Crear | Militia ×5 |
| 14:59 | Crear | Militia ×5 |
| 14:59 | Crear | Militia ×5 |
| 15:00 | Crear | Militia ×5 |
| 15:00 | Crear | Militia ×5 |
| 15:00 | Crear | Militia ×5 |
| 15:01 | Crear | Militia ×5 |
| 15:01 | Crear | Militia ×5 |
| 15:02 | Crear | Militia ×5 |
| 15:02 | Crear | Militia ×5 |
| 15:02 | Crear | Militia ×5 |
| 15:03 | Crear | Militia ×5 |
| 15:03 | Crear | Militia ×5 |
| 15:43 | Crear | Militia ×5 |
| 15:43 | Crear | Militia ×5 |
| 15:43 | Crear | Militia ×5 |
| 15:44 | Crear | Militia ×5 |
| 15:44 | Crear | Militia ×5 |
| 15:45 | Crear | Militia ×5 |
| 15:45 | Crear | Militia ×5 |
| 15:45 | Crear | Militia ×5 |
| 15:46 | Crear | Militia ×5 |
| 15:46 | Crear | Militia ×5 |
| 15:46 | Crear | Militia ×5 |
Build order — WannALose
15 acciones detectadas en el replay
| 11:05 | Investigar | Chemistry |
| 11:06 | Investigar | Ballistics |
| 11:07 | Investigar | Treadmill Crane |
| 11:07 | Investigar | Guard Tower (upgrade) |
| 11:08 | Investigar | Careening |
| 11:08 | Investigar | Tech 908 |
| 11:10 | Investigar | Tech 909 |
| 11:13 | Investigar | Wagenburg Tactics |
| 11:14 | Investigar | Bodkin Arrow |
| 11:14 | Investigar | Leather Archer Armor |
| 11:15 | Investigar | Iron Casting |
| 11:15 | Investigar | Chain Mail Armor |
| 11:15 | Investigar | Chain Barding Armor |
| 11:15 | Investigar | Iron Casting |
| 11:15 | Investigar | Chain Mail Armor |
Cronología de la partida
| 3:43 | TheBigStiggg · first_building Stable |
| 4:27 | l3us Driver · first_building Barracks |
| 4:29 | l3us Driver · first_building Archery Range |
| 5:23 | TheBigStiggg · wall_segment Stone Wall x3 |
| 5:55 | l3us Driver · wall_segment Stone Wall x15 |
| 6:15 | ZaRaKi · first_building Stable |
| 6:31 | Maxee · first_building Barracks |
| 11:50 | RC3D · resign |
| 11:54 | ZaRaKi · first_building Archery Range |
| 14:28 | ZaRaKi · first_building Siege Workshop |
[ ANÁLISIS IA · 1 CRÉDITO ]
¿Qué pasó realmente en esta partida?
Wolo.gg analiza cada decisión: build order, eco, micro, errores típicos por bracket. Análisis personalizado por WhatsApp o Discord en 30 segundos.
Guía civ
Chinos
Guía mapa
CBA_=REQUlEM=_V292 (Scenario)
Perfil
Jugador #24479225